 Dungeon Crawl Stone Soup version 0.23-a0-577-g2b1de94 (webtiles) character file.

67 MalarOregon the Poker (level 4, -6/36 HPs)
             Began as a Merfolk Abyssal Knight on Dec 14, 2018.
             Was a Believer of Lugonu.
             Killed by divine providence
             ... invoked by an orc priest
              (11 damage)
             ... on level 3 of the Dungeon.
             The game lasted 00:03:10 (1902 turns).

MalarOregon the Poker (Merfolk Abyssal Knight)      Turns: 1902, Time: 00:03:10

Health: -6/36      AC:  3    Str: 12    XL:     4   Next: 18%
Magic:  5/6        EV: 13    Int: 12    God:    Lugonu [**....]
Gold:   111        SH:  0    Dex: 13    Spells: 3/3 levels left

rFire    . . .     SeeInvis .   a - +1 spear
rCold    . . .     Gourm    .   (no shield)
rNeg     . . .     Faith    .   b - +0 leather armour
rPois    .         Spirit   .   (no helmet)
rElec    .         Reflect  .   (no cloak)
rCorr    .         Harm     .   (no gloves)
MR       .....                  (no boots)
Stlth    +.........             (no amulet)
HPRegen  0.12/turn              (no ring)
MPRegen  0.10/turn              (no ring)

@: no status effects
A: change form in water, swift swim, stealthy swim
a: Depart the Abyss, Bend Space, Renounce Religion


You were on level 3 of the Dungeon.
You worshipped Lugonu.
Lugonu was pleased with you.
You were not hungry.

You visited 1 branch of the dungeon, and saw 3 of its levels.
You visited the Abyss 1 time.

You collected 111 gold pieces.

Inventory:

Hand Weapons
 a - a +1 spear (weapon)
Armour
 b - a +0 leather armour (worn)
 k - a +0 buckler
   (You found it on level 2 of the Dungeon)
Scrolls
 d - 6 scrolls of identify {unknown}
 g - a scroll of amnesia {unknown}
 h - 2 scrolls of teleportation {unknown}
 l - 2 scrolls of magic mapping {unknown}
 m - a scroll of random uselessness {unknown}
Potions
 i - a potion of invisibility {unknown}
 n - a potion of agility
Comestibles
 e - 4 rations {!d}


   Skills:
 + Level 3.6 Fighting
 + Level 3.8 Polearms
 + Level 1.1 Armour
 * Level 3.7 Dodging
 * Level 0.7 Shields
 + Level 2.7 Invocations


You had 3 spell levels left.
You didn't know any spells.
Your spell library contained the following spells:

 Spells                   Type           Power        Failure   Level  Hunger
 Confusing Touch          Hex            #.....       38%         1    ##.....
 Confuse                  Hex            #.......     77%         3    ####...
 Gell's Gravitas          Tloc           #.........   77%         3    ####...
 Petrify                  Tmut/Erth      #.......     99%         4    #####..
 Metabolic Englaciation   Hex/Ice        #.........   100%        5    ######.
 Yara's Violent Unravell  Hex/Tmut       #.........   100%        5    ######.


Dungeon Overview and Level Annotations

Branches:
Dungeon (3/15)

Altars:
Cheibriados
Sif Muna

Annotations:
D:3 Ijyb


Message History

You hit the jackal.
All of the chunks of flesh in your inventory have rotted away.
You closely miss the jackal. You closely miss the jackal.
The jackal closely misses you. x2
You barely miss the jackal. The jackal bites you.
You miss the jackal. The jackal barely misses you.
You closely miss the jackal. The jackal misses you.
An orc comes into view.
The orc shouts!
You hit the jackal. The jackal closely misses you. x2
You closely miss the jackal.
The jackal bites you but does no damage.
You barely miss the jackal. The jackal closely misses you.
You barely miss the jackal. The jackal bites you.
A rat comes into view.
The jackal barely misses you.
You hit the jackal.
You kill the jackal!
Lugonu accepts your kill.
You hit the jackal. The jackal closely misses you. The jackal misses you.
You hit the jackal.
You kill the jackal!
Lugonu accepts your kill.
You closely miss the orc.
An orc priest comes into view. It is wielding a +0 dagger of speed.
The orc hits you but does no damage.
The orc priest shouts!
You hit the orc. The orc closely misses you.
You hit the orc. The orc barely misses you.
You hit the orc.
You kill the orc!
Lugonu accepts your kill.
The orc priest calls down the wrath of Beogh upon you.
Beogh smites you!
A worm comes into view.
You closely miss the orc wizard. The orc wizard misses you.
You closely miss the orc wizard.
The orc wizard hits you with a +0 dagger.
The orc wizard gestures wildly while chanting.
The orc wizard flickers and vanishes!
Deactivating autopickup; reactivate with Ctrl-A.
The orc priest calls down the wrath of Beogh upon you.
Beogh smites you!
* * * LOW HITPOINT WARNING * * *
A magic dart appears from out of thin air!
The magic dart hits you!
* * * LOW HITPOINT WARNING * * *
The orc priest mumbles some strange prayers to Beogh against you.
Beogh smites you!
You die...

## ..# #.# #.#
##.## #...##
######._..#
#oo{......#
#....w#####@#.#
.........####...#
..#......#.....##
..........##.##
........... #.##
...##...##. #<.#
>#. ..... #.##.#
.#. #... ...
...#.#... ..##


You could see an orc priest and an orc.

Vanquished Creatures
  2 adders (D:2)
  A leopard gecko (D:1)
  3 orcs
  6 bats
  3 giant cockroaches
  5 goblins
  4 hobgoblins (D:1)
  5 jackals
  11 frilled lizards (D:1)
  A kobold (D:2)
  4 rats
45 creatures vanquished.

Notes
Turn   | Place    | Note
-------+----------+-------------------------------------------
     0 | Abyss:1  | MalarOregon the Merfolk Abyssal Knight began the quest for
                  | the Orb.
     0 | Abyss:1  | Reached XP level 1. HP: 18/18 MP: 2/2
    27 | D:1      | Escaped the Abyss
   182 | D:1      | Reached XP level 2. HP: 24/24 MP: 3/3
   326 | D:1      | Reached ** piety under Lugonu
   329 | D:1      | Reached skill level 1 in Armour
   485 | D:1      | Reached XP level 3. HP: 27/29 MP: 4/4
  1276 | D:2      | Found a deep blue altar of Sif Muna.
  1643 | D:2      | Reached XP level 4. HP: 29/35 MP: 5/5
  1740 | D:3      | Noticed Ijyb
  1863 | D:3      | Found a snail-covered altar of Cheibriados.
  1902 | D:3      | Killed from afar by an orc priest

Vault maps used:
D:1:      wander_arrival_peaceful_grave, minmay_lizard_pond
D:2:      led_sif_pool
D:3:      marbit_many_paths, cheibriados_altar_1, roderic_batcave, uniq_ijyb

Skill      XL: |  1  2 |
---------------+-------+-----
Dodging        | 3 |  3.7
Armour         | 1 |  1.1
Fighting       | |  3.6
Polearms       | |  3.8
Shields        | |  0.7
Invocations    | |  2.7

Action                   |  1- 3 |  4- 6 || total
-------------------------+-------+-------++-------
Melee: Spear             |   124 |    27 ||   151
  Use: Potion            |     4 |       ||     4
 Stab: Sleeping          |     2 |       ||     2
  Eat: Chunk             |     2 |     1 ||     3
Armor: Leather armour    |    36 |     2 ||    38
Dodge: Dodged            |   126 |    15 ||   141

Table legend:
 A = Non-vault XP
 B = Vault XP
 C = Vault XP percentage of total XP
 D = Non-vault monster count
 E = Vault monster count
 F = Vault count percentage of total count
                 A         B        C        D         E       F
            +---------+---------+-------+---------+---------+-------
      Total |      87 |      10 |  10.3 |      35 |      10 |  22.2
            +---------+---------+-------+---------+---------+-------
        D:1 |      30 |      10 |  25.0 |      17 |      10 |  37.0
        D:2 |      48 |       0 |   0.0 |      14 |       0 |   0.0
        D:3 |       9 |       0 |   0.0 |       4 |       0 |   0.0
            +---------+---------+-------+---------+---------+-------
